 Dungeon Crawl Stone Soup version 0.20-a0-463-g5747544 (webtiles) character file.

61 M4edhros the Sneak (level 4, -6/28 HPs)
             Began as an Octopode Artificer on Jan 11, 2017.
             Mangled by a wraith (11 damage)
             ... in an ossuary.
             The game lasted 00:01:29 (951 turns).

M4edhros the Sneak (Octopode Artificer)              Turns: 951, Time: 00:01:30

Health: -6/28      AC:  1    Str: 11    XL:     4   Next: 7%
Magic:  6/6        EV: 13    Int: 13    God:
Gold:   48         SH:  0    Dex: 13    Spells: 3/3 levels left

rFire  + . .     SeeInvis .     p - +0 spear (venom)
rCold  x . .     Gourm    .     (no shield)
rNeg   . . .     Faith    .     (helmet restricted)
rPois  .         Spirit   .     (no amulet)
rElec  .         Reflect  .     e - ring of fire
rCorr  .         Harm     .     (no ring)
MR     .....                    (no ring)
Stlth  ++++......               (no ring)
                                (no ring)
                                (no ring)
                                (no ring)
                                (no ring)

@: slowed, very slow
A: almost no armour, stealthy swim, amphibious, 8 rings, constrict 8, camouflage
1, gelatinous body 1
a: no special abilities


You were in an ossuary.
You were not hungry.

You visited 1 branch of the dungeon, and saw 4 of its levels.
You also visited: Ossuary.

You collected 87 gold pieces.
You spent 39 gold pieces at shops.

Inventory:

Hand Weapons
 a - a +0 short sword
 p - a +0 spear of venom (weapon)
Jewellery
 e - a ring of fire (left tentacle)
 i - an uncursed ring of resist corrosion {unknown}
Wands
 b - a wand of flame (13/48)
 c - a wand of enslavement (12/24)
 d - a wand of random effects (12/48)
Scrolls
 g - 2 scrolls of identify {unknown}
 h - a scroll of remove curse {unknown}
 k - a scroll of teleportation {unknown}
Potions
 j - a potion of mutation {unknown}
 l - a potion of flight {unknown}
 n - a potion of lignification {unknown}
Comestibles
 f - 3 bread rations
 m - 3 meat rations
 o - 3 fruits


   Skills:
 - Level 1.0 Fighting
 - Level 1.0 Short Blades
 - Level 2.0 Dodging
 + Level 5.5 Stealth
 - Level 3.2 Evocations


You had 3 spell levels left.
You didn't know any spells.

Dungeon Overview and Level Annotations

Branches:
Dungeon (4/15)
 Temple: D:4-7

Altars:

Shops:
D:4 *


Innate Abilities, Weirdness & Mutations

You cannot wear most types of armour.
You are very stealthy in the water. (Stealth+)
You are amphibious.
You can wear up to eight rings at the same time.
You can use your tentacles to constrict eight enemies at once.
Your skin changes colour to match your surroundings (Stealth+).
Your rubbery body absorbs attacks. (AC +1, EV +1)


Message History

Aiming: Enslavement
Press: ? - help, Shift-Dir - straight line, f/p - wraith
Aim: a wraith (chance to defeat MR: 22%)
The wraith resists with almost no effort.
This wand has 13 charges left.
The wraith hits you!
* * * LOW HITPOINT WARNING * * *
The wraith drains your vigour!
You feel as though you will be slow longer.
The wraith barely misses you.
You feel better. The wraith hits you!
* * * LOW HITPOINT WARNING * * *
Evoke which item? (* to show all) (? for menu, Esc to quit)
Okay, then.
Evoke which item? (* to show all) (? for menu, Esc to quit)
Aiming: Enslavement
Press: ? - help, Shift-Dir - straight line, f/p - wraith
Aim: a wraith (chance to defeat MR: 22%)
The wraith resists with almost no effort.
This wand has 12 charges left.
The wraith hits you!
You die...

### ### ##.. ..##
#...#####...#
..##...##.. .
##.???.## . ..
#.!!!.?.# ..
...##..W!.##...
#...##.@.##...#
#...##'##...# .
.##.........##...
..#####'#####....
.................
.................
######'''########
#...# +...+


You could see a wraith.

Vanquished Creatures
  A mummy (Ossuary)
  2 gnolls (D:3)
  2 bats (D:2)
  3 hobgoblins
  4 kobolds (D:1)
  A quokka (D:2)
  A ball python (D:1)
  3 frilled lizards
  A kobold skeleton (Ossuary)
  8 orc skeletons (Ossuary)
  2 rats
28 creatures vanquished.

Vanquished Creatures (collateral kills)
  A gnoll (D:3)
1 creature vanquished.

Vanquished Creatures (others)
  A gnoll (D:3)
1 creature vanquished.

Grand Total: 30 creatures vanquished

Notes
Turn   | Place    | Note
-------+----------+-------------------------------------------
     0 | D:1      | M4edhros the Octopode Artificer began the quest for the Orb.
     0 | D:1      | Reached XP level 1. HP: 13/13 MP: 3/3
    21 | D:1      | Reached skill level 2 in Stealth
   243 | D:1      | Reached XP level 2. HP: 18/18 MP: 4/4
   269 | D:2      | Reached skill level 3 in Stealth
   545 | D:3      | Reached skill level 4 in Stealth
   545 | D:3      | Reached XP level 3. HP: 23/23 MP: 5/5
   786 | D:4      | Found Nyagg's General Store.
   789 | D:4      | Found a sand-covered staircase.
   793 | D:4      | Bought a potion of curing for 39 gold pieces
   800 | Ossuary  | Entered an ossuary
   800 | Ossuary  | Noticed a wraith
   800 | Ossuary  | Noticed a wraith
   800 | Ossuary  | Noticed a wraith
   817 | Ossuary  | Reached skill level 5 in Stealth
   827 | Ossuary  | Reached XP level 4. HP: 18/28 MP: 6/6
   944 | Ossuary  | Noticed a wraith
   951 | Ossuary  | Mangled by a wraith

Vault maps used:
D:1:      saegor_arrival_simple_b
D:2:      nicolae_overflow_crystal_walls, first_bread, minmay_pentomino_t4
D:3:      grunt_gozag_statues
D:4:      grunt_temple_overflow_holy_war, nicolae_ossuary_entry_monument,
          serial_shops, shop, uniq_eustachio
Ossuary:  ossuary_due_mausoleum

Skill      XL: |  1  2  3 |
---------------+----------+-----
Stealth        | 2 4 5 |  5.5
Fighting       | |  1.0
Short Blades   | |  1.0
Dodging        | |  2.0
Evocations     | |  3.2

Action                   |  1- 3 |  4- 6 || total
-------------------------+-------+-------++-------
Melee: Short sword       |    31 |       ||    31
       Constrict         |    13 |       ||    13
       Tentacles         |     8 |       ||     8
       Spear             |    20 |     6 ||    26
Evoke: Wand              |     6 |     2 ||     8
  Use: Potion            |       |     1 ||     1
 Stab: Sleeping          |     5 |     1 ||     6
Armor: Skin              |     1 |       ||     1
Dodge: Dodged            |    30 |     4 ||    34
